 Dungeon Crawl Stone Soup version 0.17.0-24-gcfadda4 (webtiles) character file.

39 Raultor the Insei (level 3, -1/26 HPs)
             Began as an Octopode Monk on Nov 15, 2015.
             Slain by a goblin
             ... wielding a +0 club
             ... led by Robin
              (5 damage)
             ... on level 2 of the Dungeon.
             The game lasted 00:03:12 (1348 turns).

Raultor the Insei (Octopode Monk)                   Turns: 1348, Time: 00:03:12

Health: -1/26      AC:  1    Str: 10    XL:     3   Next: 47%
Magic:  3/3        EV: 13    Int: 12    God:
Gold:   28         SH:  0    Dex: 15    Spells: 0 memorised, 2 levels left

rFire  . . .     SeeInvis .       - Unarmed
rCold  . . .     Clarity  .     (no shield)
rNeg   . . .     SustAt   .     (helmet restricted)
rPois  .         Gourm    .     m - amulet of resist mutation
rElec  .         Spirit   .     (no ring)
rCorr  .         Warding  .     (no ring)
rMut   +         Stasis   .     (no ring)
MR     .....                    (no ring)
Stlth  +++.......               (no ring)
                                (no ring)
                                (no ring)
                                (no ring)

@: not resistant to hostile enchantments, fairly stealthy
A: almost no armour, amphibious, 8 rings, constrict 8, camouflage 1, gelatinous
body 1
a: no special abilities


You were on level 2 of the Dungeon.
You were not hungry.

You visited 1 branch of the dungeon, and saw 2 of its levels.

You collected 28 gold pieces.

Inventory:

Missiles
 h - 16 poisoned needles
 i - 7 tomahawks (quivered)
Jewellery
 m - an amulet of resist mutation (around mantle)
Scrolls
 b - 2 scrolls of enchant weapon {unknown}
 c - a scroll of remove curse {unknown}
 e - a scroll of amnesia {unknown}
 l - a scroll of identify {unknown}
Potions
 d - 2 potions of curing {unknown}
 f - a potion of heal wounds {unknown}
 g - 2 potions of might {unknown}
 n - a potion of degeneration {unknown}
Comestibles
 a - 3 bread rations
 j - a meat ration


   Skills:
 + Level 3.5 Fighting
 + Level 3.4 Dodging
 - Level 2.6 Stealth
 + Level 4.4 Unarmed Combat


You had 2 spell levels left.
You didn't know any spells.

Dungeon Overview and Level Annotations

Branches:
Dungeon (2/15)

Altars:
Ashenzari

Annotations:
D:2 Robin


Innate Abilities, Weirdness & Mutations

You cannot wear most types of armour.
You are amphibious.
You can wear up to eight rings at the same time.
You can use your tentacles to constrict eight enemies at once.
Your skin changes colour to match your surroundings (Stealth).
Your rubbery body absorbs attacks (AC +1).


Message History

Robin roars a battlecry!
The goblin goes into a battle-frenzy!
All of the chunks of flesh in your inventory have rotted away.
A ball python comes into view.
You release your grip on the goblin.
The bat hits you but does no damage. The bat hits you.
* * * LOW HITPOINT WARNING * * *
The goblin barely misses you.
You miss the bat. Your grab misses the bat. Your squeeze misses the bat.
The bat closely misses you. The bat barely misses you.
The goblin closely misses you. The goblin hits you but does no damage.
You closely miss the bat. Your grab misses the bat.
Your squeeze misses the bat. The bat hits you.
* * * LOW HITPOINT WARNING * * *
The goblin closely misses you. The hobgoblin misses you.
The goblin barely misses you. The bat hits you.
* * * LOW HITPOINT WARNING * * *
The goblin hits you with a club.
You die...

#.# #....... ..#
#######.####.(..... ..#
#..........#..#... ...#
+..........+...Sg##....
#..........##.#S..g..
#..........+.g#ggg#
#.....)....##.#g#g###.##
#..........##..ggg......
#..........'..#@##.##.##
#..........####.##.##.#
#######+#.....#.....#.#
#.#.###.........#
#...##..........# ###
###.####..........# #..
...# #..........# #.#
###.####..........# #.#
###.......#.####..#


You could see Robin, an adder, 4 hobgoblins, 6 goblins and a ball python.

Vanquished Creatures
  An adder (D:2)
  2 giant geckos
  4 bats
  4 hobgoblins
  A giant newt (D:1)
  10 goblins
  3 kobolds (D:1)
  4 rats (D:1)
29 creatures vanquished.

Notes
Turn   | Place    | Note
--------------------------------------------------------------
     0 | D:1      | Raultor the Octopode Monk began the quest for the Orb.
     0 | D:1      | Reached XP level 1. HP: 16/16 MP: 1/1
   187 | D:1      | Reached XP level 2. HP: 9/21 MP: 2/2
   961 | D:2      | Reached XP level 3. HP: 12/26 MP: 3/3
  1268 | D:2      | Found a shattered altar of Ashenzari.
  1337 | D:2      | Noticed Robin
  1348 | D:2      | Slain by a goblin

Action                   || total
-------------------------++-------
Melee: Unarmed           ||    50
 Stab: Sleeping          ||    13
  Eat: Chunk             ||     1
